[Event "Titled Tuesday Blitz November 16 2021"]
[White "Tsvetkov, Andrey"]
[Black "Andreikin, Dmitry"]
[WhiteFideId "34139360"]
[BlackFideId "4158814"]
[WhiteElo "2280"]
[BlackElo "2736"]
[Result "0-1"]
[Round "05"]
[TimeControl "180+1"]
[Date "2021.11.16"]
[WhiteClock "0:00:21"]
[BlackClock "0:00:51"]

1. d4 Nf6 2. c4 e6 3. Nc3 Bb4 4. f3 d5 5. a3 Be7 6. e4 dxc4 7. Be3 a6 8. Bxc4 b5 9. Bd3 Nbd7 10. b4 e5 11. d5 Bb7 12. Nge2 c6 13. O-O O-O 14. d6 Bxd6 15. Bxb5 Bxb4 16. Bxc6 Bxc3 17. Bxb7 Bxa1 18. Bxa8 Bd4 19. Bxd4 exd4 20. Bd5 Nxd5 21. exd5 Re8 22. Nxd4 Nf6 23. Re1 Rxe1+ 24. Qxe1 Qxd5 25. Qe3 h6 26. h3 a5 27. Ne2 Qd1+ 28. Kf2 Qc2 29. Kg1 Qb1+ 30. Kh2 Qb8+ 31. Kg1 Qb2 32. Nd4 g6 33. Nc6 Kg7 34. Qe5 Qc1+ 0-1


[Site "https://www.chess.com"]

[Event "Titled Tuesday Blitz November 16 2021"]
[White "Visakh N R"]
[Black "Korchmar, Vasiliy"]
[WhiteFideId "25012223"]
[BlackFideId "24131750"]
[WhiteElo "2454"]
[BlackElo "2370"]
[Result "1-0"]
[Round "05"]
[TimeControl "180+1"]
[Date "2021.11.16"]
[WhiteClock "0:00:05"]
[BlackClock "0:00:05"]

1. c4 c6 2. e4 d5 3. cxd5 cxd5 4. exd5 Nf6 5. Bb5+ Nbd7 6. Nc3 g6 7. Nf3 Bg7 8. d6 e6 9. O-O O-O 10. b3 a6 11. Be2 b5 12. Bb2 Nb6 13. a4 b4 14. Na2 Qxd6 15. a5 Nbd5 16. Ne5 Bb7 17. Bf3 Rac8 18. Nc4 Qe7 19. g3 h5 20. Qe2 h4 21. Rac1 Rfd8 22. Rfe1 Bc6 23. Nb6 Nxb6 24. axb6 Qb7 25. Rxc6 Rxc6 26. Bxf6 Bxf6 27. Nxb4 Qxb6 28. Nxc6 Rd6 29. Ne5 Bxe5 30. Qxe5 Rxd2 31. Qe3 Qd6 32. gxh4 Rd3 33. Qe4 Rd4 34. Qe5 Qb4 35. Re4 Rxe4 36. Qxe4 Qxb3 37. Kg2 a5 38. Qa8+ Kg7 39. Qxa5 Qb2 40. Qc5 Qf6 41. Qg5 Qd4 42. h5 e5 43. hxg6 fxg6 44. Qg4 Qd6 45. Be4 Qf6 46. h4 Kh6 47. Kg3 g5 48. Qxg5+ Qxg5+ 49. hxg5+ Kxg5 50. f3 1-0


[Site "https://www.chess.com"]

[Event "Titled Tuesday Blitz November 16 2021"]
[White "Yanchenko, Roman"]
[Black "Nagy, Gabor"]
[WhiteFideId "4137329"]
[BlackFideId "737119"]
[WhiteElo "2514"]
[BlackElo "2534"]
[Result "1-0"]
[Round "05"]
[TimeControl "180+1"]
[Date "2021.11.16"]
[WhiteClock "0:00:51"]
[BlackClock "0:00:14"]

1. d4 d5 2. c4 e6 3. Nc3 Bb4 4. Bf4 Ne7 5. e3 O-O 6. Nf3 dxc4 7. Bxc4 Nd5 8. Bxd5 exd5 9. O-O c6 10. h3 Bf5 11. Ne2 a5 12. Qb3 b6 13. Rfc1 Be7 14. Bxb8 Rxb8 15. Rxc6 a4 16. Qd1 a3 17. b3 Bd7 18. Rc2 Bd6 19. Ne5 Bf5 20. Rc3 Qf6 21. Rac1 Bxe5 22. dxe5 Qxe5 23. Qd4 Qxd4 24. Nxd4 Be4 25. Rc7 Rfe8 26. f3 Bg6 27. Kf2 h5 28. g4 Kh7 29. R1c6 Bb1 30. Rxf7 Rbc8 31. Rxc8 Rxc8 32. Ra7 Bxa2 33. gxh5 Bb1 34. Rxa3 Rc3 35. Ra6 Bc2 36. Rxb6 Bd1 37. b4 Ra3 38. b5 Ra2+ 39. Kg3 Rb2 40. Rb7 Ba4 41. Kf4 Rh2 42. Nf5 Rxh3 43. Rxg7+ Kh8 44. b6 Rxh5 45. b7 Rxf5+ 46. Kxf5 Kxg7 47. b8=Q Bd7+ 48. Kg5 Be6 49. Qc7+ Kg8 50. Kf6 d4 51. Qg7# 1-0


[Site "https://www.chess.com"]

[Event "Titled Tuesday Blitz November 16 2021"]
[White "Zhigalko, Sergei"]
[Black "Drygalov, Sergey"]
[WhiteFideId "13502956"]
[BlackFideId "24171743"]
[WhiteElo "2662"]
[BlackElo "2514"]
[Result "1-0"]
[Round "05"]
[TimeControl "180+1"]
[Date "2021.11.16"]
[WhiteClock "0:00:25"]
[BlackClock "0:00:02"]

1. e4 c5 2. Nf3 e6 3. c3 Nf6 4. e5 Nd5 5. Bc4 Nc6 6. d4 cxd4 7. cxd4 d6 8. O-O Be7 9. Bd2 O-O 10. Nc3 Nxc3 11. Bxc3 Bd7 12. a3 Rc8 13. Qe2 dxe5 14. dxe5 Qb6 15. Bd3 Rfd8 16. h4 Be8 17. Rfe1 g6 18. h5 Bf8 19. hxg6 hxg6 20. Ng5 Nd4 21. Qg4 Bg7 22. Qh4 Rxc3 23. bxc3 Nf3+ 24. Nxf3 Rxd3 25. Rad1 Qa6 26. Qe7 Bc6 27. Ng5 1-0


[Site "https://www.chess.com"]

[Event "Titled Tuesday Blitz November 16 2021"]
[White "Zierk, Steven"]
[Black "Bologan, Victor"]
[WhiteFideId "2034255"]
[BlackFideId "13900048"]
[WhiteElo "2494"]
[BlackElo "2472"]
[Result "1-0"]
[Round "05"]
[TimeControl "180+1"]
[Date "2021.11.16"]
[WhiteClock "0:00:34"]
[BlackClock "0:00:01"]

1. e4 e5 2. Nf3 Nc6 3. Bc4 Bc5 4. c3 Nf6 5. d4 exd4 6. e5 d5 7. Bb5 Ne4 8. cxd4 Bb6 9. Nc3 O-O 10. Be3 Bg4 11. h3 Bh5 12. Qc2 Bg6 13. Qb3 Ne7 14. O-O c6 15. Bd3 f5 16. exf6 Nxf6 17. Qc2 Bxd3 18. Qxd3 Qd7 19. Ne5 Qf5 20. Qe2 Rae8 21. g4 Qc8 22. Rae1 Ba5 23. f3 Ng6 24. Qh2 Bc7 25. f4 Ba5 26. f5 Nxe5 27. dxe5 Bxc3 28. bxc3 Ne4 29. e6 Nxc3 30. Bc5 Ne4 31. Bxf8 Rxf8 32. Qe5 Qb8 33. Qxb8 Rxb8 34. h4 Re8 35. Kg2 h5 36. g5 g6 37. fxg6 Rxe6 38. Rf7 Rxg6 39. Rxb7 a5 40. Rc7 Rd6 41. Rb1 Rd8 42. Rbb7 d4 43. Rg7+ Kh8 44. Rh7+ Kg8 45. Kf3 d3 46. Kxe4 d2 47. Rbg7+ Kf8 48. Rh8+ Kxg7 49. Rxd8 1-0


[Site "https://www.chess.com"]

[Event "Titled Tuesday Blitz November 16 2021"]
[White "Zubov, Alexander"]
[Black "Yeletsky, Ivan"]
[WhiteFideId "14109409"]
[BlackFideId "24180327"]
[WhiteElo "2685"]
[BlackElo "2352"]
[Result "1-0"]
[Round "05"]
[TimeControl "180+1"]
[Date "2021.11.16"]
[WhiteClock "0:00:14"]
[BlackClock "0:00:03"]

1. d4 d6 2. e4 Nf6 3. Nc3 g6 4. Nf3 Bg7 5. Be2 Nc6 6. d5 Nb8 7. h3 O-O 8. O-O c6 9. a4 b6 10. Nd4 Bb7 11. Bf3 Nfd7 12. g3 a6 13. Bg2 b5 14. axb5 cxb5 15. Be3 Qc7 16. Nce2 Nc5 17. Qd2 Nbd7 18. b4 Na4 19. c4 Ndb6 20. cxb5 axb5 21. Nxb5 Qd7 22. Nbd4 Nc4 23. Qd3 Nab2 24. Qb3 e6 25. b5 exd5 26. exd5 Rfc8 27. Bf4 h6 28. h4 Qe7 29. Rae1 Ra3 30. Qc2 Na4 31. Nc6 Bxc6 32. dxc6 Ne5 33. Nd4 Nc5 34. b6 Ra6 35. b7 Nxb7 36. cxb7 Rxc2 37. b8=Q+ 1-0


[Site "https://www.chess.com"]

[Event "Titled Tuesday Blitz November 16 2021"]
[White "Ahmadzada, Ahmad"]
[Black "Djokic, Mihailo"]
[WhiteFideId "13413007"]
[BlackFideId "976440"]
[WhiteElo "2226"]
[BlackElo "2008"]
[Result "1-0"]
[Round "06"]
[TimeControl "180+1"]
[Date "2021.11.16"]
[WhiteClock "0:00:07"]
[BlackClock "0:00:01"]

1. e4 c5 2. Nf3 d6 3. Bc4 Nf6 4. d3 e6 5. O-O Be7 6. Re1 O-O 7. Nc3 Nc6 8. a4 a6 9. h3 h6 10. Bf4 d5 11. Ba2 Re8 12. Ne5 Nd4 13. a5 dxe4 14. dxe4 Nd7 15. Nc4 b5 16. axb6 Nxb6 17. Na5 Bg5 18. Bg3 Bh4 19. Bxh4 Qxh4 20. Ne2 e5 21. Nxd4 exd4 22. c3 Rxe4 23. Qf3 Rf4 24. Qg3 Qxg3 25. fxg3 Rf6 26. Re8+ Kh7 27. Nc4 Be6 28. Rxa8 Nxa8 29. Bb1+ g6 30. Ne5 Bd5 31. Nd7 Rc6 32. c4 Be6 33. Nf8+ Kg7 34. Be4 Kxf8 35. Bxc6 Nc7 36. Ra5 Ke7 37. Bb7 Kd6 38. Bxa6 d3 39. Bb7 d2 40. Ra1 Bxc4 41. Rd1 Ke5 42. Rxd2 Be6 43. Bf3 Nb5 44. Kf2 Nd4 45. Be2 f5 46. Bf3 Nb3 47. Rc2 Kd6 48. Rc3 Nd4 49. Be2 g5 50. Bc4 Bd7 51. Ra3 Bc6 52. Ra7 Nc2 53. Rh7 Nb4 54. Rxh6+ Ke5 55. Rg6 Be4 56. Rxg5 Kd4 57. Be6 Nd3+ 58. Kf1 Ne5 59. Bxf5 Bd5 60. Bb1 Nc4 61. Rxd5+ Kxd5 62. Ba2 Kd4 63. Bxc4 Kxc4 64. h4 Kb3 65. h5 c4 66. h6 c3 67. h7 c2 68. h8=Q c1=Q+ 69. Kf2 Qd2+ 70. Kf3 Qd3+ 71. Kf4 Qd2+ 72. Kg4 Qe2+ 73. Kf5 Qd3+ 74. Kf4 Qd2+ 75. Ke4 Qe2+ 76. Kf5 Qd3+ 77. Kg4 Qe4+ 78. Kh3 Qf5+ 79. g4 Qd3+ 80. Kh4 Qf1 81. Qc3+ Ka2 82. g5 Qh1+ 83. Kg3 Qh5 84. Qf6 Qe2 85. g6 Qe3+ 86. Kg4 Qe4+ 87. Kg5 Qxg2+ 88. Kh6 Qd2+ 89. Kg7 Qd7+ 90. Qf7+ Qxf7+ 91. gxf7 1-0


[Site "https://www.chess.com"]

[Event "Titled Tuesday Blitz November 16 2021"]
[White "Alavi, Sayed Javad"]
[Black "Durarbayli, Vasif"]
[WhiteFideId "12500607"]
[BlackFideId "13402935"]
[WhiteElo "2495"]
[BlackElo "2522"]
[Result "1-0"]
[Round "06"]
[TimeControl "180+1"]
[Date "2021.11.16"]
[WhiteClock "0:00:15"]
[BlackClock "0:00:01"]

1. d4 Nf6 2. c4 e6 3. Nf3 b6 4. g3 Bb4+ 5. Bd2 a5 6. Bg2 Bb7 7. O-O O-O 8. Nc3 Bxc3 9. Bxc3 d6 10. a3 a4 11. Nd2 Bxg2 12. Kxg2 Nc6 13. e3 e5 14. Qf3 exd4 15. exd4 d5 16. g4 Ne7 17. g5 Ne8 18. Bb4 Nd6 19. cxd5 Ng6 20. Qg4 f5 21. Qg3 f4 22. Qg4 f3+ 23. Kh1 Rf4 24. Qe6+ Nf7 25. Rg1 Rxd4 26. Rae1 Rxd5 27. Nxf3 c5 28. Bc3 Qd7 29. Qxb6 Rf5 30. Rg3 Rf8 31. Qe6 Qxe6 32. Rxe6 Nf4 33. Re7 Nd5 34. Rd7 Re8 35. g6 hxg6 36. Nh4 Nxc3 37. Nxf5 1-0


[Site "https://www.chess.com"]

[Event "Titled Tuesday Blitz November 16 2021"]
[White "Andreikin, Dmitry"]
[Black "Sadhwani, Raunak"]
[WhiteFideId "4158814"]
[BlackFideId "35093487"]
[WhiteElo "2736"]
[BlackElo "2517"]
[Result "1/2-1/2"]
[Round "06"]
[TimeControl "180+1"]
[Date "2021.11.16"]
[WhiteClock "0:00:04"]
[BlackClock "0:00:02"]

1. d4 Nf6 2. c4 g6 3. Nc3 Bg7 4. e4 d6 5. h3 O-O 6. Be3 c5 7. Nf3 cxd4 8. Nxd4 Nc6 9. Be2 Bd7 10. O-O Nxd4 11. Bxd4 Bc6 12. Qc2 a5 13. Rad1 a4 14. Rfe1 Qa5 15. Bf1 Nd7 16. Bxg7 Kxg7 17. Nd5 Rfe8 18. Re3 Rac8 19. h4 Bxd5 20. exd5 Nf6 21. Qe2 Rc7 22. g3 h5 23. Rd4 Qc5 24. Rf4 b5 25. Qf3 Rf8 26. cxb5 Qc1 27. Rxa4 Qxb2 28. Rb3 Qd2 29. b6 Rc1 30. b7 Qe1 31. Qg2 Nd7 32. Ra8 Rb1 33. Rxf8 Kxf8 34. Qh3 f5 35. Qg2 Rxb3 36. axb3 Qb4 37. Bc4 Qxb7 38. Qf1 Ne5 39. Qa1 Qb4 40. Kg2 Kf7 41. Qd4 Qe1 42. Bf1 Qb1 43. b4 Qb3 44. b5 Qf3+ 45. Kg1 Qb3 46. Be2 Qxb5 47. Qe3 Qxd5 48. Qh6 Qe4 49. Qh7+ Ke6 50. Qg8+ Kd7 51. Qa2 Qd4 52. Qa8 Qe4 53. Bb5+ Ke6 54. Qg8+ Kf6 55. Qh8+ Ke6 56. Qg8+ Kf6 57. Qh8+ Ke6 58. Qc8+ Kf7 59. Qe8+ Kf6 60. Qh8+ 1/2-1/2


[Site "https://www.chess.com"]

[Event "Titled Tuesday Blitz November 16 2021"]
[White "Antipov, Mikhail Al."]
[Black "Zubov, Alexander"]
[WhiteFideId "4107012"]
[BlackFideId "14109409"]
[WhiteElo "2587"]
[BlackElo "2685"]
[Result "0-1"]
[Round "06"]
[TimeControl "180+1"]
[Date "2021.11.16"]
[WhiteClock "0:00:06"]
[BlackClock "0:00:07"]

1. e4 c5 2. Nf3 e6 3. b3 b6 4. Bb2 Bb7 5. Nc3 Nf6 6. Qe2 Nc6 7. O-O-O Nd4 8. Qe3 Ng4 9. Qe1 Rc8 10. h3 Nf6 11. Qe3 Qc7 12. Kb1 a6 13. e5 Nf5 14. Qf4 Nd5 15. Nxd5 Bxd5 16. Bxa6 Ra8 17. Bb5 Be7 18. c4 Bc6 19. Bxc6 Qxc6 20. g4 Nh6 21. a4 O-O 22. d4 d5 23. exd6 Bxd6 24. Ne5 Qc7 25. dxc5 bxc5 26. Qe3 Rab8 27. Rd3 f6 28. Nf3 Rfe8 29. Rhd1 Nf7 30. g5 Bf4 31. Qe4 Bxg5 32. Rd7 Qf4 33. Nxg5 Qxg5 34. R1d3 Qf5 35. Qxf5 exf5 36. Ba3 Ne5 37. R7d5 Nxd3 38. Rxd3 Rec8 39. Kc2 Rb6 40. Rd5 Rbc6 41. Kc3 g6 42. Bc1 Kf7 43. Be3 Ke6 44. f4 h6 45. h4 R8c7 46. a5 Rc8 47. Kb2 R8c7 48. Ka3 g5 49. hxg5 hxg5 50. fxg5 fxg5 51. Bxg5 Rg7 52. Bf4 Rg4 53. Bd2 Rd4 54. Rxd4 cxd4 55. Kb4 Ke5 56. Kb5 Rc8 57. a6 Ke4 58. Kb6 f4 59. Kb7 Rf8 60. a7 f3 61. Be1 d3 62. c5 d2 63. Bxd2 f2 64. a8=Q Rxa8 65. Kxa8 Kd5 66. b4 f1=Q 0-1


[Site "https://www.chess.com"]

[Event "Titled Tuesday Blitz November 16 2021"]
[White "Bernadskiy, Vitaliy"]
[Black "Horobetz, Graham"]
[WhiteFideId "14100371"]
[BlackFideId "2047322"]
[WhiteElo "2510"]
[BlackElo "2617"]
[Result "1-0"]
[Round "06"]
[TimeControl "180+1"]
[Date "2021.11.16"]
[WhiteClock "0:02:32"]
[BlackClock "0:00:03"]

1. e4 c5 2. Nc3 g6 3. f4 Bg7 4. Nf3 Nc6 5. a3 e6 6. b4 cxb4 7. axb4 d5 8. e5 Nge7 9. b5 Nb8 10. Ba3 O-O 11. h4 h5 12. Ng5 Nf5 13. g4 Ng3 14. Rh3 Nxf1 15. Kxf1 d4 16. Nce4 Qd5 17. gxh5 Qxb5+ 18. d3 Nc6 19. Bxf8 Kxf8 20. hxg6 fxg6 21. h5 Bd7 22. hxg6 Ne7 23. Rh7 Nf5 24. Qh5 Ke7 25. Rxg7+ Nxg7 26. Qh7 1-0


[Site "https://www.chess.com"]

[Event "Titled Tuesday Blitz November 16 2021"]
[White "Bodnar, Nikolay"]
[Black "Kryakvin, Dmitry"]
[WhiteFideId "14106469"]
[BlackFideId "4153278"]
[WhiteElo "2296"]
[BlackElo "2372"]
[Result "0-1"]
[Round "06"]
[TimeControl "180+1"]
[Date "2021.11.16"]
[WhiteClock "0:00:35"]
[BlackClock "0:00:55"]

1. e4 c5 2. Nf3 d6 3. d4 cxd4 4. Nxd4 Nf6 5. Nc3 Nc6 6. Bg5 g6 7. Bxf6 exf6 8. Bb5 Bd7 9. O-O Bg7 10. Ba4 O-O 11. Nxc6 Bxc6 12. Bb3 f5 13. exf5 Bxc3 14. bxc3 Qg5 15. Bd5 Qxf5 16. Bxc6 bxc6 17. Qxd6 Qxc2 18. Qxc6 Rfc8 19. Qd5 Qxc3 20. Rad1 Rab8 21. Rfe1 Rb2 22. Re7 Qf6 23. Qe4 Qxf2+ 24. Kh1 Rf8 25. a4 Rd2 26. Re1 Rd4 27. Qc6 Qh4 28. a5 Qxe7 0-1


[Site "https://www.chess.com"]

[Event "Titled Tuesday Blitz November 16 2021"]
[White "Bologan, Victor"]
[Black "Kamsky, Gata"]
[WhiteFideId "13900048"]
[BlackFideId "2000024"]
[WhiteElo "2472"]
[BlackElo "2645"]
[Result "1-0"]
[Round "06"]
[TimeControl "180+1"]
[Date "2021.11.16"]
[WhiteClock "0:00:06"]
[BlackClock "0:00:11"]

1. e4 e5 2. Nf3 Nc6 3. Bc4 Bc5 4. c3 Nf6 5. d3 d6 6. O-O a5 7. Bg5 h6 8. Be3 Bxe3 9. fxe3 O-O 10. Nbd2 Be6 11. a4 Bxc4 12. Nxc4 Nd7 13. d4 Qe7 14. Qc2 b6 15. Rae1 g6 16. Qf2 Kh7 17. Qg3 Rae8 18. Qh3 Nf6 19. Nfd2 Kg7 20. Qh4 Nh5 21. Qxe7 Rxe7 22. d5 Nb8 23. b4 axb4 24. cxb4 Na6 25. Rb1 Ra8 26. a5 bxa5 27. Nxa5 Ree8 28. Nc6 Nb8 29. Ra1 Nd7 30. Ra5 Nb6 31. Rfa1 Nf6 32. Ra7 Rac8 33. h3 h5 34. Rb7 Ra8 35. Rba7 Rac8 36. Rb7 Ra8 37. Ra5 Rec8 38. Kf2 h4 39. Ke2 g5 40. Kd3 Nbd7 41. Kc4 Nb6+ 42. Kb3 Nbd7 43. Ne7 Re8 44. Nf5+ Kg6 45. Rxa8 Rxa8 46. Rxc7 Ra1 47. Nxd6 Rg1 48. b5 Rxg2 49. N2c4 Rg3 50. b6 Nxb6 51. Nxb6 Rxh3 52. Nf5 Nxe4 53. Ne7+ Kg7 54. Nc4 Rf3 55. d6 Nxd6 56. Nxd6 h3 57. Nef5+ Kg6 58. Rxf7 h2 59. Rg7+ Kf6 60. Rh7 g4 61. Rh6+ Kg5 62. Rxh2 g3 63. Rg2 Kg4 64. Rxg3+ Rxg3 65. Nxg3 Kxg3 66. Kc3 Kf3 67. Kd3 1-0


[Site "https://www.chess.com"]

[Event "Titled Tuesday Blitz November 16 2021"]
[White "Bortnyk, Olexandr"]
[Black "Rustemov, Alexander"]
[WhiteFideId "14120828"]
[BlackFideId "4119002"]
[WhiteElo "2723"]
[BlackElo "2761"]
[Result "0-1"]
[Round "06"]
[TimeControl "180+1"]
[Date "2021.11.16"]
[WhiteClock "0:00:05"]
[BlackClock "0:00:07"]

1. e4 e6 2. d4 d5 3. Nc3 Bb4 4. Qd3 Ne7 5. Bf4 dxe4 6. Qg3 Nf5 7. Qh3 Qxd4 8. Ne2 Qd8 9. g4 Nh4 10. Bg2 Nxg2+ 11. Qxg2 O-O 12. Qxe4 Nc6 13. Rd1 Qe7 14. O-O e5 15. Nd5 Qh4 16. Bg3 Qxg4 17. Qe3 Bd6 18. f4 exf4 19. Nexf4 Bf5 20. Rde1 h5 21. Kh1 Bxc2 22. Rg1 Rae8 23. Qxe8 Rxe8 24. Rxe8+ Kh7 25. Rg2 Bf5 26. Ne3 Qg5 27. h4 Qf6 28. Nxh5 Qg6 29. Nxf5 Qxf5 30. Bxd6 Qxh5 31. Bxc7 f6 32. Re1 Qf3 33. Kg1 Nd4 34. Re7 Nf5 35. Re1 Nxh4 36. Rh2 Qg4+ 37. Kf1 g5 38. Ree2 Kg6 39. Rhf2 Qh3+ 40. Ke1 Nf3+ 41. Kd1 Qh1+ 42. Kc2 Nd4+ 43. Kd3 Nxe2 44. Kxe2 Qe4+ 45. Kf1 Qc4+ 0-1


[Site "https://www.chess.com"]

[Event "Titled Tuesday Blitz November 16 2021"]
[White "Csonka, Balazs"]
[Black "Visakh N R"]
[WhiteFideId "742910"]
[BlackFideId "25012223"]
[WhiteElo "2404"]
[BlackElo "2454"]
[Result "0-1"]
[Round "06"]
[TimeControl "180+1"]
[Date "2021.11.16"]
[WhiteClock "0:00:01"]
[BlackClock "0:00:13"]

1. e4 c5 2. Nf3 d6 3. Bb5+ Bd7 4. Bxd7+ Qxd7 5. c4 Nf6 6. Nc3 e5 7. O-O Be7 8. d3 Nc6 9. Bg5 O-O 10. Bxf6 Bxf6 11. Rb1 Bd8 12. a3 Ba5 13. Nd5 Bd8 14. b4 b6 15. Qa4 Rc8 16. Ne1 f5 17. Nc2 Rf7 18. b5 Ne7 19. Nxe7+ Bxe7 20. exf5 Qxf5 21. Rbd1 Bh4 22. g3 Bg5 23. Ne3 Bxe3 24. fxe3 Qd7 25. Rxf7 Qxf7 26. Rf1 Qe7 27. e4 Qd7 28. Qd1 h6 29. Qf3 Ra8 30. a4 a6 31. Rf2 axb5 32. axb5 Qh3 33. Qg2 Ra1+ 34. Rf1 Qxg2+ 35. Kxg2 Ra3 36. Rf3 Ra2+ 37. Rf2 Ra3 38. Rf3 h5 39. h3 Kh7 40. Kf2 Kg6 41. h4 Ra2+ 42. Kf1 Rd2 43. Ke1 Rh2 44. Kf1 Ra2 45. Ke1 Kh6 46. Rf7 Rg2 47. Rc7 Rxg3 48. Rc6 Rxd3 49. Rxb6 g5 50. hxg5+ Kxg5 51. Rb8 Rb3 52. Rd8 Rb4 53. Rxd6 Rxc4 54. Rd5 Kf4 55. b6 Rb4 56. Rxc5 Rxb6 57. Rc4 Rb2 58. Kf1 h4 59. Kg1 h3 60. Ra4 Rg2+ 61. Kh1 Re2 62. Ra3 Re3 63. Ra1 Rxe4 64. Kh2 Kg4 65. Rg1+ Kh4 66. Kh1 Re2 67. Rf1 e4 68. Rf4+ Kg3 69. Rf1 e3 70. Rg1+ Kf3 71. Rf1+ Rf2 72. Ra1 e2 73. Ra3+ Kg4 74. Ra1 Kg5 75. Ra6 e1=Q# 0-1


[Site "https://www.chess.com"]

[Event "Titled Tuesday Blitz November 16 2021"]
[White "Demchenko, Anton"]
[Black "Zelbel, Patrick"]
[WhiteFideId "4160258"]
[BlackFideId "24624322"]
[WhiteElo "2583"]
[BlackElo "2493"]
[Result "1-0"]
[Round "06"]
[TimeControl "180+1"]
[Date "2021.11.16"]
[WhiteClock "0:00:20"]
[BlackClock "0:00:02"]

1. e4 e5 2. Nf3 Nc6 3. Bc4 Nf6 4. d3 h6 5. a4 Bc5 6. a5 a6 7. O-O d6 8. c3 O-O 9. h3 Ba7 10. Be3 Bxe3 11. fxe3 Ne7 12. Nbd2 Ng6 13. d4 Qe7 14. Bd3 Bd7 15. b4 d5 16. Qc2 Rfe8 17. Rae1 Rad8 18. c4 dxc4 19. Bxc4 Qxb4 20. Rb1 Qxa5 21. Rxb7 Bc6 22. Bxf7+ Kxf7 23. Qxc6 Kg8 24. Rxc7 exd4 25. Qb7 Nh5 26. exd4 Rxd4 27. Nxd4 Qxd2 28. Qd5+ Kh7 29. Nf5 Qxd5 30. exd5 Nhf4 31. Nxg7 Re2 32. Ne6+ Kh8 33. Nxf4 Nxf4 34. Rxf4 1-0


[Site "https://www.chess.com"]

[Event "Titled Tuesday Blitz November 16 2021"]
[White "Drygalov, Andrey"]
[Black "Samunenkov, Ihor"]
[WhiteFideId "24171735"]
[BlackFideId "14187086"]
[WhiteElo "2540"]
[BlackElo "2348"]
[Result "1-0"]
[Round "06"]
[TimeControl "180+1"]
[Date "2021.11.16"]
[WhiteClock "0:00:27"]
[BlackClock "0:00:02"]

1. e4 c5 2. Nf3 Nc6 3. Bb5 g6 4. Bxc6 dxc6 5. d3 Bg7 6. h3 Nf6 7. Nc3 Nd7 8. Be3 e5 9. Qd2 h6 10. a3 f5 11. exf5 gxf5 12. Qe2 O-O 13. g4 f4 14. Bd2 Nf6 15. g5 hxg5 16. Nxg5 Nd5 17. Nce4 Bf5 18. Rg1 Qe7 19. O-O-O Nf6 20. Bc3 Nd5 21. Bd2 Nf6 22. Nxf6+ Qxf6 23. Bc3 Rae8 24. Nf3 Qh6 25. Bxe5 Kh8 26. Rxg7 Rxe5 27. Qxe5 Qxg7 28. Qxc5 Qf6 29. Rg1 Rg8 30. Rxg8+ Kxg8 31. h4 Bg4 32. Ng5 Kg7 33. Ne4 Qxh4 34. Qe5+ Kg6 35. Qxf4 Qh1+ 36. Kd2 Qd1+ 37. Kc3 Qe1+ 38. Qd2 Qxd2+ 39. Kxd2 b6 40. Ke3 Bd1 41. c4 Kf5 42. d4 Bc2 43. f3 Bb1 44. Nc3 Bc2 45. d5 cxd5 46. Nxd5 Bb3 47. Kd4 Bd1 48. Ne3+ 1-0


[Site "https://www.chess.com"]

[Event "Titled Tuesday Blitz November 16 2021"]
[White "FGHSMN"]
[Black "Shipov, Sergei"]
[BlackFideId "4113624"]
[WhiteElo "2675"]
[BlackElo "2794"]
[Result "1-0"]
[Round "06"]
[TimeControl "180+1"]
[Date "2021.11.16"]
[WhiteClock "0:00:45"]
[BlackClock "0:00:03"]

1. e4 e6 2. d4 d5 3. Nc3 h6 4. exd5 exd5 5. Bd3 Nf6 6. Nge2 c5 7. dxc5 Bxc5 8. O-O O-O 9. Na4 Be7 10. Bf4 Nc6 11. Nac3 a6 12. Qd2 Re8 13. Rfe1 Bc5 14. Rad1 Ng4 15. Bg3 Ne3 16. Rb1 Bg4 17. Nf4 Nc4 18. Rxe8+ Qxe8 19. Qc1 N4e5 20. Nfxd5 Nxd3 21. cxd3 Rc8 22. Ne4 Bd4 23. Nd6 Qd7 24. Nxc8 Qxd5 25. Qxc6 Qxc6 26. Ne7+ Kf8 27. Nxc6 bxc6 28. Rc1 Bd7 29. b3 Ke7 30. Bf4 g5 31. Be3 Be5 32. g3 Ke6 33. Kf1 f6 34. Ke2 Bd6 35. Rc4 Kd5 36. f4 g4 37. f5 h5 38. Bf4 Be7 39. Ra4 Bc8 40. Ra5+ c5 41. b4 Kc6 42. bxc5 Bxc5 43. Ra4 Bxf5 44. Rxa6+ Kd5 45. Rxf6 Bd7 46. Rh6 1-0


[Site "https://www.chess.com"]

[Event "Titled Tuesday Blitz November 16 2021"]
[White "Gabrielian, Artur"]
[Black "Babazada, Khazar"]
[WhiteFideId "4131002"]
[BlackFideId "13413554"]
[WhiteElo "2440"]
[BlackElo "2302"]
[Result "1-0"]
[Round "06"]
[TimeControl "180+1"]
[Date "2021.11.16"]
[WhiteClock "0:00:07"]
[BlackClock "0:00:07"]

1. e4 e5 2. Nc3 Nc6 3. g3 Bc5 4. Bg2 Nge7 5. Nge2 d6 6. d3 O-O 7. Na4 Be6 8. Nxc5 dxc5 9. Be3 b6 10. O-O Qd6 11. f4 f6 12. f5 Bf7 13. b3 a5 14. a4 Rfd8 15. Rb1 Nb4 16. Bf2 c6 17. g4 b5 18. Nc3 Rab8 19. h4 Na6 20. g5 c4 21. bxc4 bxc4 22. Rxb8 Qxb8 23. gxf6 gxf6 24. Qg4+ Kh8 25. h5 h6 26. Qh4 Ng8 27. dxc4 Qb2 28. Nd1 Qxc2 29. Ne3 Qe2 30. Ng4 Kg7 31. Nxe5 Qxh5 32. Qxh5 Bxh5 33. Nxc6 Rd2 34. Nxa5 Ne7 35. Nb3 Ra2 36. Nd4 Rxa4 37. Ne6+ Kf7 38. c5 Nb4 39. Nf4 Bg4 40. Rb1 Nbc6 41. Rb7 Ke8 42. Nd5 Ra1+ 43. Kh2 Nxd5 44. exd5 Ne5 45. c6 Ra2 46. Kg3 Ra3+ 47. Kf4 Ra4+ 48. Ke3 Ra3+ 49. Kd4 Bxf5 50. Be1 Ra4+ 51. Bb4 Nd3 52. Rb8+ Kf7 53. Kc3 Ra1 54. d6 Rc1+ 55. Kd2 Rb1 56. Bd5+ Kg6 57. d7 Rb2+ 58. Kc3 Nxb4 59. d8=Q Nxd5+ 60. Qxd5 Rxb8 61. Qg2+ Kf7 62. Qd5+ Be6 63. Qd6 Rc8 64. c7 h5 65. Kd4 h4 66. Ke3 h3 67. Kf2 Re8 68. Qg3 Bc8 69. Qb3+ Kf8 70. Qb4+ Kf7 71. Qc4+ Re6 72. Qd5 Ke7 73. Qd8+ 1-0


[Site "https://www.chess.com"]

[Event "Titled Tuesday Blitz November 16 2021"]
[White "Golubka, Petro"]
[Black "Pichot, Alan"]
[WhiteFideId "14114224"]
[BlackFideId "110973"]
[WhiteElo "2392"]
[BlackElo "2600"]
[Result "1-0"]
[Round "06"]
[TimeControl "180+1"]
[Date "2021.11.16"]
[WhiteClock "0:00:30"]
[BlackClock "0:00:04"]

1. e4 c5 2. Nf3 e6 3. d4 cxd4 4. Nxd4 Nc6 5. Nc3 Qc7 6. Ndb5 Qb8 7. f4 a6 8. Nd4 Qc7 9. Nb3 b5 10. a3 Bb7 11. Be3 h5 12. Bd3 Nf6 13. h3 d6 14. Qf3 Be7 15. O-O h4 16. Ne2 d5 17. e5 Ne4 18. Bxe4 dxe4 19. Qf2 Rc8 20. Rad1 g6 21. Nc3 Nd8 22. Bb6 Qb8 23. Bc5 Qc7 24. Bb6 Qb8 25. Rfe1 Kf8 26. Bc5 Qc7 27. Bd6 Bxd6 28. exd6 Qc6 29. Rxe4 Rh5 30. Re5 Rh7 31. Rc5 Qd7 32. Rxc8 Qxc8 33. Nc5 Bc6 34. d7 Qc7 35. b4 Rh5 36. Nxa6 Qb7 37. Nc5 Qc7 38. Qe3 Kg8 39. N3e4 Rf5 40. Nd6 Rh5 41. Ne8 Qa7 42. Nf6+ Kf8 43. Nxh5 gxh5 44. Nxe6+ 1-0


[Site "https://www.chess.com"]

[Event "Titled Tuesday Blitz November 16 2021"]
[White "Gubajdullin, Alexei"]
[Black "Goltsev, Dmitry"]
[WhiteFideId "4141202"]
[BlackFideId "24176710"]
[WhiteElo "2268"]
[BlackElo "2259"]
[Result "1-0"]
[Round "06"]
[TimeControl "180+1"]
[Date "2021.11.16"]
[WhiteClock "0:00:07"]
[BlackClock "0:00:14"]

1. d4 Nf6 2. Nf3 e6 3. Bf4 d5 4. e3 c5 5. Nbd2 Nc6 6. c3 Bd6 7. Bg3 h6 8. Ne5 Qc7 9. f4 cxd4 10. cxd4 Ne7 11. Bd3 Nf5 12. Bf2 h5 13. Rc1 Qa5 14. O-O Bxe5 15. fxe5 Ng4 16. Nb3 Qxa2 17. Bb5+ Bd7 18. Ra1 Qxb2 19. Bxd7+ Kxd7 20. Nc5+ Ke8 21. Qa4+ Kf8 22. Rab1 Qe2 23. Rxb7 Ngxe3 24. Bxe3 Qxe3+ 25. Kh1 h4 26. Rxf7+ Kg8 27. R7xf5 exf5 28. Qd7 Rh6 29. Qxd5+ Kh8 30. Qxa8+ Kh7 31. Qf3 Qxd4 32. Qxf5+ Kh8 33. Ne6 Qd7 34. Ng5 Qxf5 35. Rxf5 Kg8 36. e6 Rf6 37. e7 Rxf5 38. e8=Q+ Rf8 39. Qe6+ Kh8 40. h3 a5 41. Qg6 Rf1+ 42. Kh2 Kg8 43. Qe8+ Rf8 44. Qh5 Rf1 45. Qe8+ Rf8 46. Qe6+ Kh8 47. Qe4 Kg8 48. Qh7# 1-0


[Site "https://www.chess.com"]